AoeStats
← AxingQuestions

Arena

505553699Analyzed
4v4 RM · 21d ago on Sep 9, 2026· 52m 17s· 8 players
Game mode
Random Map
Map size
Large (8 player)
Population
200
Speed
Normal
Resources
Standard
Victory
Conquest
Starting age
Dark Age
Ending age
Imperial Age
RankedLock teamsTeams togetherTeam positionsShared explorationLock speedFull tech treeHidden civsTurbo modeCheats
Victory
Defeat
🇺🇸 Franks · United States
1222
+15
🇦🇺 Goths · Australia
1217
+15
🇨🇳 Spanish · China
1210
+15
🇧🇪 Koreans · Belgium
1170
+17
🇨🇦 Tupi · Canada
1277
-19
🇺🇸 Muisca · United States
1214
-16
🇨🇦 Slavs · Canada
1147
-14
🇺🇸 Huns · United States
1132
-13
AxingQuestions
11:04 Feudal Age
11:41 Loom
15:07 Castle Age
13:37 Double-Bit Axe
14:23 Gold Mining
16:22 Husbandry
19:25 Bow Saw
21:52 Forging
23:11 Wheelbarrow
26:56 Scale Barding Armor
27:26 Iron Casting
27:50 Hand Cart
29:31 Gold Shaft Mining
30:14 Town Watch
30:56 Chain Barding Armor
29:59 Pikeman
30:39 Squires
34:52 Imperial Age
33:20 Town Patrol
33:24 Stone Mining
34:28 Fortified Wall
34:14 Murder Holes
34:30 Masonry
34:56 Cavalier
36:23 Plate Barding Armor
36:49 Blast Furnace
37:05 Architecture
36:19 Paladin
37:47 Caravan
38:58 Fletching
39:58 Bodkin Arrow
42:10 Conscription
42:45 Hoardings
42:27 Chivalry
44:56 Chivalry
45:22 Padded Archer Armor
45:23 Scale Mail Armor
46:27 Chemistry
45:50 Ballistics
我很牛逼
12:47 Feudal Age
12:14 Loom
16:40 Castle Age
14:53 Double-Bit Axe
15:00 Horse Collar
18:07 Heavy Plow
28:05 Bow Saw
31:17 Scale Barding Armor
31:22 Forging
31:17 Scale Barding Armor
31:22 Forging
34:48 Imperial Age
33:12 Chain Barding Armor
33:27 Iron Casting
33:13 Chain Barding Armor
33:28 Iron Casting
33:13 Chain Barding Armor
34:04 Fletching
35:08 Ballistics
38:08 Two-Man Saw
38:00 Plate Barding Armor
38:25 Blast Furnace
38:00 Plate Barding Armor
38:25 Blast Furnace
36:50 Cavalier
37:31 Husbandry
37:42 Bloodlines
38:08 Scale Mail Armor
38:02 Arson
38:17 Squires
38:03 Gambesons
38:08 Pikeman
38:56 Paladin
42:04 Chain Mail Armor
43:44 Plate Mail Armor
42:43 Halberdier
44:34 Gold Mining
44:34 Stone Mining
44:34 Gold Mining
45:28 Conscription
46:23 Chemistry
47:04 Supremacy
46:55 Light Cavalry
48:06 Hussar
51:44 Bodkin Arrow
noumha
11:24 Feudal Age
11:57 Horse Collar
16:24 Castle Age
15:58 Double-Bit Axe
16:06 Gold Mining
20:44 Gold Shaft Mining
24:30 Fortified Wall
27:36 Imperial Age
25:48 Loom
26:38 Wheelbarrow
26:05 Crossbowman
28:12 Ballistics
27:47 Fletching
30:15 Chemistry
31:34 Hand Cart
31:05 Town Watch
33:05 Arbalester
34:46 Conscription
34:45 Bodkin Arrow
35:40 Siege Engineers
35:51 Town Patrol
35:53 Bracer
36:43 Heavy Plow
36:24 Pikeman
37:04 Squires
36:49 Gambesons
36:50 Arson
37:52 Bow Saw
37:17 Halberdier
38:26 Thumb Ring
41:12 Elite Skirmisher
42:23 Masonry
43:35 Two-Man Saw
48:35 Forging
48:26 Scale Mail Armor
50:58 Iron Casting
50:39 Chain Mail Armor
52:38 Architecture
lethe711
10:22 Feudal Age
15:33 Castle Age
13:50 Double-Bit Axe
14:29 Horse Collar
16:43 Bow Saw
16:33 Heavy Plow
16:40 Heavy Plow
20:25 Fervor
22:40 Wheelbarrow
24:06 Gold Mining
24:07 Stone Mining
26:43 Stone Shaft Mining
26:32 Hand Cart
31:07 Imperial Age
29:47 Scale Mail Armor
29:57 Forging
30:44 Anarchy
31:14 Chain Mail Armor
31:01 Squires
30:22 Pikeman
31:01 Loom
31:25 Elite Huskarl
32:05 Perfusion
32:26 Conscription
32:45 Sanctity
33:15 Iron Casting
32:37 Halberdier
36:15 Blast Furnace
34:38 Man-at-Arms
35:06 Long Swordsman
35:43 Two-Handed Swordsman
36:10 Champion
38:46 Two-Man Saw
39:09 Capped Ram
39:41 Fletching
48:48 Bodkin Arrow
49:41 Crop Rotation
49:39 Onager
Terrigan7363
10:17 Feudal Age
13:31 Loom
13:54 Horse Collar
14:02 Double-Bit Axe
17:02 Castle Age
14:56 Gold Mining
15:23 Fletching
15:25 Champi Runner
16:11 Scale Mail Armor
17:05 Stone Mining
17:08 Champi Warrior
18:26 Squires
26:15 Forging
31:41 Imperial Age
30:51 Wheelbarrow
30:39 Town Watch
31:10 Chain Mail Armor
32:31 Bow Saw
32:25 Heavy Plow
32:18 Elite Champi Warrior
33:23 Arson
34:02 Caciques
36:13 Iron Casting
36:08 Plate Mail Armor
37:06 Pikeman
37:42 Halberdier
39:45 Hoardings
40:14 Two-Man Saw
40:27 Hand Cart
42:49 Padded Archer Armor
Krimzon
10:18 Feudal Age
14:29 Castle Age
19:24 Double-Bit Axe
22:37 Bow Saw
24:03 Wheelbarrow
25:40 Hand Cart
29:27 Imperial Age
27:10 Fletching
27:20 Padded Archer Armor
28:54 Bodkin Arrow
29:43 Leather Archer Armor
30:38 Elite Guecha Warrior
32:37 Two-Man Saw
32:02 Bracer
33:09 Chemistry
32:21 Gold Mining
33:21 Horse Collar
34:18 Heavy Plow
35:46 Ballistics
37:36 Conscription
39:55 Huaracas
TOE KNEE SAI
0:33 Loom
11:26 Feudal Age
17:15 Castle Age
15:42 Double-Bit Axe
15:41 Horse Collar
17:21 Wheelbarrow
18:09 Gold Mining
18:46 Bow Saw
18:31 Man-at-Arms
19:25 Heavy Plow
20:58 Gold Shaft Mining
22:24 Wheelbarrow
21:39 Long Swordsman
26:06 Scale Mail Armor
25:43 Pikeman
26:37 Forging
28:27 Chain Mail Armor
28:53 Stone Mining
31:17 Iron Casting
30:34 Elite Skirmisher
31:33 Fletching
32:14 Padded Archer Armor
32:51 Bodkin Arrow
34:33 Leather Archer Armor
39:08 Imperial Age
38:18 Squires
38:51 Hand Cart
39:24 Detinets
40:12 Siege Engineers
41:08 Chemistry
40:03 Halberdier
40:04 Two-Handed Swordsman
40:07 Onager
42:43 Blast Furnace
42:14 Plate Mail Armor
41:57 Champion
43:57 Ring Archer Armor
44:24 Druzhina
46:26 Siege Onager
cpt_kernel
7:30 Loom
9:23 Feudal Age
18:15 Castle Age
16:53 Double-Bit Axe
16:49 Horse Collar
20:17 Forging
20:11 Husbandry
20:48 Bow Saw
22:05 Wheelbarrow
24:11 Bloodlines
24:57 Pikeman
26:02 Gold Mining
28:28 Fletching
31:27 Imperial Age
29:50 Elite Skirmisher
30:41 Heavy Plow
31:09 Scale Barding Armor
31:05 Bodkin Arrow
31:48 Hand Cart
33:19 Iron Casting
33:52 Gold Shaft Mining
33:07 Cavalier
34:19 Scale Barding Armor
34:46 Ballistics
37:09 Conscription
38:49 Two-Man Saw
39:31 Blast Furnace
41:14 Chain Barding Armor
40:22 Paladin
42:37 Plate Barding Armor
44:15 Bracer
44:29 Masonry
48:02 Atheism
47:45 Scale Mail Armor
47:56 Capped Ram
48:55 Light Cavalry
49:23 Siege Ram
50:22 Heavy Cavalry Archer
51:27 Parthian Tactics
51:09 Thumb Ring
51:01 Town Watch
51:53 Murder Holes
52:59 Chemistry
Connection lost

Rejoining the realm…

Still unreachable

The connection could not be restored.

Session expired

The server has moved on; the page needs a fresh start.